 Dungeon Crawl Stone Soup version 0.30-a0-509-gd016549fea (webtiles) character file.

Game seed: 18196354730978795421

11 Armakuni the Magician (level 2, -2/33 HPs)
             Began as a Human Wanderer on Dec 22, 2022.
             Succumbed to a goblin's poison
             ... on level 1 of the Dungeon.
             The game lasted 00:01:25 (53 turns).

Armakuni the Magician (Human Wanderer)                Turns: 53, Time: 00:01:25

Health: -2/33      AC:  6    Str: 15    XL:     2   Next: 35%
Magic:  8/8        EV:  9    Int: 12    God:
Gold:   0          SH:  0    Dex:  9    Spells: 10/11 levels left

rFire   . . .      SeeInvis .    a - +0 club
rCold   . . .      Faith    .    (no shield)
rNeg    . . .      Spirit   .    c - +0 scale mail
rPois   .          Reflect  .    (no helmet)
rElec   .          Harm     .    (no cloak)
rCorr   .          Rampage  .    (no gloves)
Will    .....                    (no boots)
Stlth   ..........               (no amulet)
HPRegen 0.25/turn                (no ring)
MPRegen 0.11/turn                (no ring)

@: berserking, lethally poisoned (-2 -> -17), very quick
A: no striking features
a: no special abilities


You were on level 1 of the Dungeon.
You visited 1 branch of the dungeon, and saw 1 of its levels.

Inventory:

Hand Weapons
 a - a +0 club (weapon)
Armour
 c - a +0 scale mail (worn)
Potions
 d - a potion of heal wounds


   Skills:
 + Level 1.8 Fighting
 - Level 1.0 Armour
 - Level 4.0 Unarmed Combat
 - Level 5.0 Spellcasting


You had 10 spell levels left.
You knew the following spells:

 Your Spells              Type           Power      Damage    Failure   Level
a - Apportation           Tloc           6%         N/A       63%         1

Your spell library contained the following spells:

 Spells                   Type           Power      Damage    Failure   Level
 Lesser Beckoning         Tloc           6%         N/A       94%         3


Dungeon Overview and Level Annotations

Branches:
Dungeon (1/15)

Altars:


Message History

The jackal bites you but does no damage.
You barely miss the jackal.
The jackal is heavily wounded.
The jackal barely misses you.
You hit the jackal.
You kill the jackal!
You have reached level 2!
You closely miss the goblin. The goblin hits you but does no damage.
You are poisoned.
You miss the goblin.
You feel very sick. The goblin hits you but does no damage.
You are more poisoned.
The goblin hits you but does no damage.
You are lethally poisoned!
You closely miss the goblin.
You feel extremely sick. The goblin barely misses you.
You feel much better.
You feel very sick.
The goblin hits you with a +0 dagger of venom.
You are more poisoned.
A red film seems to cover your vision as you go berserk!
You feel yourself moving faster!
You feel mighty!
You feel very sick.
The goblin hits you with a +0 dagger of venom.
You are more poisoned.
You sock the goblin!
You kill the goblin!
* * * LOW HITPOINT WARNING * * *
You feel extremely sick.
You sock the hobgoblin!
You kill the hobgoblin!
* * * LOW HITPOINT WARNING * * *
You feel very sick.
You sock the endoplasm!
You kill the endoplasm!
* * * LOW HITPOINT WARNING * * *
You feel very sick.
You die...

# #. . #.
#.####
#....#
###.<.##
#.#....#
#@####.#
#......##
#.≈≈....#
#.≈≈....#
#.......#
#.......#
.........#
.########.#
.#


There were no monsters in sight!

Vanquished Creatures
  A ball python (D:1)
  An endoplasm (D:1)
  A goblin (D:1)
  A hobgoblin (D:1)
  4 jackals (D:1)
8 creatures vanquished.

Notes
Turn   | Place    | Note
-------+----------+-------------------------------------------
     0 | D:1      | Armakuni the Human Wanderer began the quest for the Orb.
     0 | D:1      | Armakuni set off with the following items: a +0 club, a
                  | potion of berserk rage, a +0 scale mail, 2 potions of heal
                  | wounds; and the following spell memorised: Apportation; and
                  | the following spells available to memorise: Lesser
                  | Beckoning.
     0 | D:1      | Reached XP level 1. HP: 13/13 MP: 6/6
    31 | D:1      | Reached skill level 1 in Fighting
    45 | D:1      | Reached XP level 2. HP: 19/21 MP: 8/8
    52 | D:1      | HP: 1/33 [poisoned by a goblin]
    53 | D:1      | Succumbed to a goblin's poison

Illustrated notes

Levels and vault maps discovered:
D:1:      amcnicky_arrival_double_pillar, layout_rooms,
          shapermc_ecumenical_altar_venn

Skill      XL: |  1 |
---------------+----+-----
Fighting       | 1 |  1.8
Armour         | |  1.0
Unarmed Combat | |  4.0
Spellcasting   | |  5.0

Action                   || total
-------------------------++-------
Melee: Club              ||    38
  Use: Potion            ||     2
Armor: Scale mail        ||    24
Dodge: Dodged            ||    31

Table legend: (Time is in decaauts)
 A = Elapsed time spent in this place.
 B = Non-inter-level travel time spent in this place.
 C = Inter-level travel time spent in this place.
 D = Time resting spent in this place.
 E = Time spent auto-exploring this place.
 F = Levels seen in this place.
 G = Mean time per level.
                   A        B        C        D        E       F      G
               +--------+--------+--------+--------+--------+-----+--------+
         Total |     63 |     63 |      0 |      0 |      1 |   1 |   63.0 |
       Dungeon |     63 |     63 |      0 |      0 |      1 |   1 |   63.0 |
               +--------+--------+--------+--------+--------+-----+--------+

Top non-repeatable levels by time:
     D:1: 63 daAuts
